cohdb
Replays
Latest Replays
All Replays
Popular Replays
Top Player Replays
Match Explorer
How It Works
Community
CoH3 Stats
Reddit
Sign in to upload your games and track your stats! →
Sign in with Steam
Match 41447432
Unlisted
Match 41447432
Overview
Messages
Build Orders
End
Construct Barracks
Selects Airborne Battlegroup
Selects Heavy Machine Gun Paradrop
Heavy Machine Gun Paradrop
Riflemen Squad
Riflemen Squad
Infantry Support Center
Construct Medical Station
Selects Paratrooper Squad Paradrop
Paratrooper Squad Paradrop
Construct Motor Pool
M8 Greyhound Armored Car
Engineer Squad
Selects Smoke Bombing Run
Smoke Bombing Run
Survival Training
Paratrooper Squad Paradrop
Selects Anti-tank Gun Team Paradrop
Anti-tank Gun Team Paradrop
Anti-tank Gun Team Paradrop
Selects Supply Drop
Selects Dual P-47 Rocket Strike
Construct Tank Depot
M4A1 Sherman Medium Tank
M4A1 Sherman Medium Tank
Unga Bunga Axis Playa
friendly chinese general
[-ODM-] Daman ze helldiver
Dave
0
0
Comments
sign in to comment!
No comments posted yet!